cohdb
Replays
Latest Replays
All Replays
Popular Replays
Top Player Replays
Match Explorer
How It Works
Community
CoH3 Stats
Reddit
Sign in to upload your games and track your stats! →
Sign in with Steam
Match 45265964
Unlisted
Match 45265964
Overview
Messages
Build Orders
End
Kradschützen Motorcycle Team
Panzerpioneer Squad
Selects Italian Infantry
Panzergrenadier Squad
Construct Light Support Kompanie
Selects Defensive Operations
Fire Support Elements
Panzergrenadier Squad
Assault Mechanized Group
Flakvierling Half-track
Pak 38 Anti-tank Gun Team
Vehicle Survival Package
Combat Half-tracks
Selects Guastatori Squad
2.5-tonne Medical Truck
Construct Panzerarmee Kommand
MG34 Team
Selects L6/40 Light Tank Combat Group
Panzer III L Medium Tank
Emergency Repair Kits
Panzer III L Medium Tank
(502) Bad Gateway
Morgrock
0
0
Comments
sign in to comment!
No comments posted yet!